AoeStats
← Lord Ulrich

Arabia

509723315Analyzed
1v1 RM · 5d ago on Sep 27, 2026· 47m 34s· 2 players
Game mode
Random Map
Map size
Tiny (2 player)
Population
200
Speed
Normal
Resources
Standard
Victory
Conquest
Starting age
Dark Age
Ending age
Imperial Age
RankedLock teamsTeams togetherTeam positionsShared explorationLock speedFull tech treeHidden civsTurbo modeCheats
Victory
Defeat
🇨🇦 Britons · Canada
543
+17
🇲🇽 Tatars · Mexico
566
-17
Lucinka
5:56 Loom
12:37 Feudal Age
13:05 Double-Bit Axe
13:20 Horse Collar
21:14 Castle Age
19:58 Fletching
20:09 Padded Archer Armor
20:33 Gold Mining
20:58 Stone Mining
22:19 Wheelbarrow
22:20 Bodkin Arrow
23:34 Heavy Plow
24:24 Bow Saw
26:43 Murder Holes
27:34 Ballistics
27:56 Gold Shaft Mining
28:27 Hand Cart
31:52 Caravan
34:31 Imperial Age
34:41 Imperial Age
33:13 Treadmill Crane
38:58 Crossbowman
40:52 Two-Man Saw
39:49 Arbalester
41:23 Warwolf
43:12 Chemistry
42:46 Bracer
43:02 Leather Archer Armor
44:30 Yeomen
45:34 Hoardings
45:20 Elite Skirmisher
47:36 Conscription
48:38 Ring Archer Armor
48:18 Forging
48:09 Scale Mail Armor
Lord Ulrich
9:42 Loom
11:56 Feudal Age
20:35 Castle Age
21:58 Wheelbarrow
21:27 Crossbowman
23:49 Bloodlines
23:39 Husbandry
23:02 Light Cavalry
25:44 Elite Skirmisher
44:40 Imperial Age
46:32 Chemistry
Connection lost

Rejoining the realm…

Still unreachable

The connection could not be restored.

Session expired

The server has moved on; the page needs a fresh start.